 Dungeon Crawl Stone Soup version 0.29-a0-885-gb26ba3297d (webtiles) character file.

Game seed: 10271400335211387932

79 jimonade the Sneak (level 4, -2/27 HPs)
             Began as a Kobold Brigand on July 20, 2022.
             Slain by an orc
             ... wielding a +0 whip
              (5 damage)
             ... on level 3 of the Dungeon.
             The game lasted 00:03:22 (2309 turns).

jimonade the Sneak (Kobold Brigand)                 Turns: 2309, Time: 00:03:22

Health: -2/27      AC:  4    Str:  8    XL:     4   Next: 64%
Magic:  4/4        EV: 13    Int: 12    God:
Gold:   199        SH:  0    Dex: 18    Spells: 3/3 levels left

rFire   . . .      SeeInvis .   a - +2 dagger
rCold   . . .      Faith    .   (no shield)
rNeg    + . .      Spirit   .   l - +0 leather armour
rPois   .          Reflect  .   (no helmet)
rElec   .          Harm     .   c - +0 cloak
rCorr   .          Rampage  .   (no gloves)
Will    .....                   (no boots)
Stlth   +++++.....              (no amulet)
HPRegen 0.09/turn               v - ring of positive energy
MPRegen 0.09/turn               (no ring)

@: no status effects
A: small, no large weapons, nightstalker 3
a: no special abilities


You were on level 3 of the Dungeon.
You visited 1 branch of the dungeon, and saw 3 of its levels.

You collected 199 gold pieces.

Inventory:

Hand Weapons
 a - a +2 dagger (weapon)
 q - a +0 rapier
Missiles
 d - 9 poisoned darts (quivered)
 e - 3 curare-tipped darts
Armour
 b - a +0 robe
 c - a +0 cloak (worn)
 j - a +0 ring mail
 l - a +0 leather armour (worn)
Jewellery
 v - a ring of positive energy (left hand)
Scrolls
 m - a scroll of fear {unknown}
 o - a scroll of noise {unknown}
 p - 2 scrolls of identify {unknown}
 r - 2 scrolls of poison {unknown}
 u - a scroll of butterflies {unknown}
Potions
 f - a potion of might {unknown}
 g - a potion of heal wounds {unknown}
 h - a potion of magic {unknown}
 i - a potion of attraction {unknown}
 k - a potion of lignification {unknown}
 n - 2 potions of haste {unknown}
 s - a potion of mutation {unknown}
 t - a potion of brilliance {unknown}
 w - a potion of ambrosia {unknown}


   Skills:
 + Level 2.6 Fighting
 + Level 2.9 Short Blades
 - Level 2.1 Throwing
 + Level 1.0 Armour
 + Level 1.4 Dodging
 * Level 7.1 Stealth


You had 3 spell levels left.
You didn't know any spells.
Your spell library was empty.

Dungeon Overview and Level Annotations

Branches:
Dungeon (3/15)

Altars:


Innate Abilities, Weirdness & Mutations

You are small and have problems with some larger weapons.
You are completely attuned to the shadows.


Message History

Things that are here:
a +0 hand axe; an orc corpse The orc attacks as you move away!
The orc hits you but does no damage. The orc attacks as you move away!
The orc hits you with a +0 flail. The orc attacks as you move away!
The orc misses you. The orc attacks as you move away!
The orc closely misses you. The orc attacks as you move away!
The orc hits you with a +0 flail.
You are too injured to fight recklessly!
You hit the orc but do no damage.
The orc is heavily wounded.
The orc closely misses you.
You hit the orc.
The orc is severely wounded.
The orc barely misses you.
You hit the orc but do no damage.
The orc is severely wounded.
The orc barely misses you. x2
You hit the orc.
The orc is almost dead.
The orc closely misses you.
You closely miss the orc.
The orc is almost dead.
You hit the orc.
You kill the orc!
The orc hits you with a +0 whip.
* * * LOW HITPOINT WARNING * * *
Your Armour skill increases to level 1!
You hit the orc.
The orc is heavily wounded.
The orc misses you. The orc closely misses you.
You hit the orc.
You kill the orc!
The orc hits you with a +0 whip.
* * * LOW HITPOINT WARNING * * *
The orc misses you.
You see here a +1 vorpal war axe.
You hit the orc.
The orc is severely wounded.
The orc hits you with a +0 whip.
You die...

.........o..)...o.
###########...###########
#...............#
#.#########...#.# #.#
#...#.# #.#########...# #
#.##......#...#
#.##.####.#...#
#.##.#..#.#.o@#
#.##.#..#.#.).#
#)##.#..#.#####
#....#..#.###
.######......#
......#......#
......>#......#
.......#......#
...............#


You could see an orc.

Vanquished Creatures
  An adder (D:2)
  2 dart slugs
  3 orcs (D:3)
  4 ball pythons
  3 endoplasms
  5 giant cockroaches
  7 goblins
  5 hobgoblins
  8 jackals
  2 quokkas (D:2)
  7 bats
  3 frilled lizards
  5 kobolds
  2 rats
57 creatures vanquished.

Notes
Turn   | Place    | Note
-------+----------+-------------------------------------------
     0 | D:1      | jimonade the Kobold Brigand began the quest for the Orb.
     0 | D:1      | Reached XP level 1. HP: 12/12 MP: 1/1
   126 | D:1      | Reached XP level 2. HP: 13/18 MP: 2/2
   302 | D:1      | Reached skill level 6 in Stealth
   581 | D:1      | Reached XP level 3. HP: 21/22 MP: 3/3
  1772 | D:2      | Reached skill level 7 in Stealth
  1772 | D:2      | Reached XP level 4. HP: 27/27 MP: 4/4
  2306 | D:3      | Reached skill level 1 in Armour
  2309 | D:3      | Slain by an orc

Illustrated notes

Levels and vault maps discovered:
D:1:      amcnicky_arrival_feature_with_door, layout_loops_ring,
          minmay_surrounded
D:2:      layout_basic, minmay_pentomino_x4
D:3:      layout_basic, mainiacjoe_overflow_alcove_1, st_stairs_14,
          grunt_decor_one_mirror

Skill      XL: |  1  2  3  4 |
---------------+-------------+-----
Stealth        | 6 7 |  7.1
Armour         | 1 |  1.0
Fighting       | |  2.6
Short Blades   | |  2.9
Throwing       | |  2.1
Dodging        | |  1.4

Action                   |  1- 3 |  4- 6 || total
-------------------------+-------+-------++-------
Melee: Dagger            |   101 |    68 ||   169
       Punch             |       |     1 ||     1
 Stab: Distracted        |     1 |       ||     1
       Sleeping          |    12 |     9 ||    21
Armor: Robe              |     4 |       ||     4
       Leather armour    |    17 |    36 ||    53
Dodge: Dodged            |    41 |    81 ||   122

Table legend: (Time is in decaauts)
 A = Elapsed time spent in this place.
 B = Non-inter-level travel time spent in this place.
 C = Inter-level travel time spent in this place.
 D = Time resting spent in this place.
 E = Time spent auto-exploring this place.
 F = Levels seen in this place.
 G = Mean time per level.
                   A        B        C        D        E       F      G
               +--------+--------+--------+--------+--------+-----+--------+
         Total |   2285 |   2162 |    123 |      0 |   1765 |   3 |  761.7 |
       Dungeon |   2285 |   2162 |    123 |      0 |   1765 |   3 |  761.7 |
               +--------+--------+--------+--------+--------+-----+--------+

Top non-repeatable levels by time:
     D:1: 1011 daAuts
     D:2: 985 daAuts
     D:3: 289 daAuts
